 Dungeon Crawl Stone Soup version 0.28-a0-589-g333b8329f1 (webtiles) character file.

Game seed: 7183389446191570205

5 ytrimaz the Chopper (level 1, -1/21 HPs)
             Began as a Naga Berserker on Oct 4, 2021.
             Was a Follower of Trog.
             Slain by a jackal (2 damage)
             ... on level 1 of the Dungeon.
             The game lasted 00:00:56 (405 turns).

ytrimaz the Chopper (Naga Berserker)                 Turns: 405, Time: 00:00:56

Health: -1/21      AC:  1    Str: 19    XL:     1   Next: 80%
Magic:  1/1        EV:  4    Int:  7    God:    Trog [*.....]
Gold:   0          SH:  9    Dex: 10    Spells: 0/0 levels left

rFire   . . .      SeeInvis +   a - +0 hand axe
rCold   . . .      Faith    .   c - +0 tower shield
rNeg    . . .      Spirit   .   b - +0 animal skin
rPois   +          Reflect  .   (no helmet)
rElec   .          Harm     .   (no cloak)
rCorr   .          Rampage  .   (no gloves)
Will    .....                   (no barding)
Stlth   +.........              (no amulet)
HPRegen 0.07/turn               (no ring)
MPRegen 0.07/turn               (no ring)

@: very slow
A: AC +0, large, see invisible, deformed body, poison resistance, slowness 2,
spit poison 1, naga tail 1
a: Spit Poison, Renounce Religion, Berserk


You were on level 1 of the Dungeon.
You worshipped Trog.
Trog was aware of your devotion.
You visited 1 branch of the dungeon, and saw 1 of its levels.

Inventory:

Hand Weapons
 a - a +0 hand axe (weapon)
Armour
 b - a +0 animal skin (worn)
 c - a +0 tower shield (worn)


   Skills:
 + Level 3.1 Fighting
 + Level 3.2 Axes
 + Level 1.6 Armour
 - Level 1.5 Dodging
 * Level 0.1 Shields


You couldn't memorise any spells.
You didn't know any spells.
Your spell library was empty.

Dungeon Overview and Level Annotations

Branches:
Dungeon (1/15)

Altars:


Innate Abilities, Weirdness & Mutations

Your serpentine skin is tough. (AC +0)
You have supernaturally acute eyesight. (SInv)
Armour fits poorly on your strangely shaped body.
Your system is resistant to poisons. (rPois)
You cover ground very slowly.
You can spit poison.
You have a snake-like lower body.


Message History

You hit the goblin.
The goblin is moderately wounded.
You block the goblin's attack. The goblin hits you with a +0 club.
You closely miss the goblin.
The goblin is moderately wounded.
You block the goblin's attack.
You closely miss the goblin.
The goblin is moderately wounded.
You block the goblin's attack. The goblin hits you with a +0 club.
You miss the goblin.
The goblin is moderately wounded.
You block the goblin's attack. The goblin hits you with a +0 club.
* * * LOW HITPOINT WARNING * * *
You hit the goblin.
You kill the goblin!
Trog accepts your kill.
A jackal comes into view.
The jackal barks!
You hit the dart slug.
The dart slug is moderately wounded.
You hear a bark!
The dart slug bites you.
* * * LOW HITPOINT WARNING * * *
You completely miss the dart slug.
The dart slug is moderately wounded.
A jackal comes into view.
The dart slug launches a dart at you. You block the slug dart.
The jackal moves out of view.
You hit the dart slug.
The dart slug is heavily wounded.
The dart slug bites you.
* * * LOW HITPOINT WARNING * * *
The dart slug bites you.
* * * LOW HITPOINT WARNING * * *
The jackal barks!
You hit the dart slug.
You kill the dart slug!
Trog accepts your kill. The jackal bites you.
You die...

##### #### #.... #...
#.... #... #.... #...
#.... #... #....
#...###############.[..
#....h@......:....'....
....h...####......####....
........# #......####....
.......>. +......+.......
....#+#.# #......########
.... #.# #......# #....
... #.# ######## #.... ..
#.# #.... ###.#


You could see 2 jackals.

Vanquished Creatures
  A dart slug (D:1)
  2 goblins (D:1)
  A quokka (D:1)
  2 rats (D:1)
6 creatures vanquished.

Vanquished Creatures (others)
  5 toadstools (D:1)
5 creatures vanquished.

Grand Total: 11 creatures vanquished

Notes
Turn   | Place    | Note
-------+----------+-------------------------------------------
     0 | D:1      | ytrimaz the Naga Berserker began the quest for the Orb.
     0 | D:1      | Reached XP level 1. HP: 21/21 MP: 1/1
   404 | D:1      | HP: 1/21 [dart slug (1)]
   405 | D:1      | Slain by a jackal

Illustrated notes

Levels and vault maps discovered:
D:1:      ldierk_walled_garden, layout_basic,
          shapermc_ecumenical_altar_starsandcircs

Action                   || total
-------------------------++-------
Melee: Hand axe          ||    19
Dodge: Dodged            ||     1
Block: Tower shield      ||     6

Table legend: (Time is in decaauts)
 A = Elapsed time spent in this place.
 B = Non-inter-level travel time spent in this place.
 C = Inter-level travel time spent in this place.
 D = Time resting spent in this place.
 E = Time spent auto-exploring this place.
 F = Levels seen in this place.
 G = Mean time per level.
                   A        B        C        D        E       F      G
               +--------+--------+--------+--------+--------+-----+--------+
         Total |    433 |    433 |      0 |    336 |      2 |   1 |  433.0 |
       Dungeon |    433 |    433 |      0 |    336 |      2 |   1 |  433.0 |
               +--------+--------+--------+--------+--------+-----+--------+

Top non-repeatable levels by time:
     D:1: 433 daAuts
